Map: Data-C

Players

Cham - Winner!

  • Race: Zerg Zerg
  • Spawn Location: 3:00

Gerald

  • Race: Protoss Protoss
  • Spawn Location: 9:00

Event: DreamHack SC2 Masters 2022 Atlanta (Offline)

VOD

Have the link to the VOD?

Description

Time

  • Played on: Nov. 18, 2022, 6:12 p.m.
  • Length: 10:45

All games in this series

Show
View Real Time Build Order
Export as new Build Order

Cham Zerg - Winner!

Build Orders: Hatch First 

Get SALT Encoding   

  12  0:00  Drone  
  13  0:12  Overlord  
  13  0:19  Drone  
  14  0:30  Drone x2  
  16  0:50  Hatchery  
  16  0:54  Drone  
  16  0:57  Drone  
  17  1:02  Drone  
  18  1:16  Spawning Pool  
  17  1:20  Drone, Extractor  
  17  1:24  Drone  
  18  1:28  Drone  
  19  1:38  Drone  
  20  1:49  Drone  
  21  2:01  Overlord  
  21  2:02  Queen  
  21  2:03  Queen  
  21  2:04  Drone  
  26  2:13  Drone  
  27  2:15  Drone  
  28  2:31  Drone  
  28  2:32  Hatchery  
  28  2:36  Metabolic Boost  
  28  2:43  Queen  
  30  2:45  Zergling x2  
  30  2:47  Zergling x2  
  32  2:52  Overlord  
  32  2:56  Drone  
  32  2:58  Drone  
  34  3:03  Queen  
  36  3:14  Drone x3  
  36  3:15  Drone x2  
  36  3:18  Overlord  
  41  3:25  Queen  
  43  3:29  Overlord  
  43  3:37  Zergling x6  
  43  3:38  Drone  
  47  3:42  Spore Crawler  
  47  3:44  Drone x2  
  47  3:47  Drone  
  47  3:48  Drone  
  50  3:52  Overlord  
  50  3:54  Drone  
  51  4:01  Drone x4  
  55  4:06  Overlord  
  55  4:12  Overlord  
  55  4:15  Drone x2  
  55  4:16  Drone  
  58  4:20  Overlord  
  58  4:24  Spore Crawler  
  58  4:25  Baneling Nest  
  58  4:26  Spore Crawler  
  58  4:30  Drone  
  58  4:31  Drone x4  
  60  4:34  Overlord  
  60  4:38  Overlord  
  60  4:43  Zergling x8  
  64  4:47  Zergling x4  
  64  4:48  Zergling x2  
  65  4:54  Zergling x2  
  65  4:55  Zergling x6  
  69  5:00  Zergling x2  
  69  5:01  Zergling x6  
  69  5:04  Zergling x2  
  69  5:05  Zergling x2  
  75  5:08  Zergling x4  
  75  5:11  Overlord  
  75  5:14  Zergling x4  
  79  5:16  Baneling x5  
  79  5:19  Zergling x2  
  79  5:20  Baneling x3  
  80  5:21  Baneling  
  80  5:25  Baneling  
  74  5:36  Zergling x18  
  74  5:42  Zergling x8  
  86  5:45  Zergling x2  
  86  5:53  Zergling x2  
  72  6:05  Zergling x16  
  72  6:06  Zergling x4  
  72  6:10  Zergling x2  
  81  6:14  Zergling x6  
  81  6:15  Zergling x2  
  81  6:17  Lair, Drone  
  83  6:26  Roach Warren, Extractor  
  83  6:27  Drone x2, Extractor  
  83  6:30  Drone  
  83  6:31  Hatchery  
  77  6:33  Drone x2  
  77  6:34  Drone  
  77  6:37  Drone x2  
  77  6:39  Drone x2  
  79  6:44  Overlord  
  79  6:45  Evolution Chamber  
  79  6:46  Drone x2  
  80  6:49  Overlord  
  80  6:51  Drone  
  81  6:56  Overlord  
  81  6:59  Extractor  
  79  7:01  Overlord  
  79  7:03  Overlord  
  79  7:04  Drone x6  
  84  7:08  Drone  
  84  7:09  Drone x2  
  87  7:16  Roach x2  
  87  7:19  Glial Reconstitution, Zerg Missile Weapons Level 1  
  87  7:20  Roach  
  93  7:25  Roach  
  93  7:27  Roach x2  
  93  7:29  Overlord x2  
  95  7:38  Overlord  
  95  7:39  Roach  
  95  7:40  Roach x4  
  105  7:47  Roach x4  
  105  7:48  Overlord  
  105  7:50  Overlord  
  113  7:54  Roach  
  114  7:59  Roach  
  114  8:00  Roach x3  
  114  8:03  Overlord  
  114  8:05  Roach x2  
  125  8:10  Roach x2  
  125  8:11  Roach  
  129  8:14  Overlord  
  129  8:15  Roach x2  
  132  8:20  Roach  
  132  8:21  Roach  
  132  8:22  Roach  
  132  8:25  Overlord x2  
  138  8:29  Roach  
  138  8:30  Roach x2  
  138  8:32  Roach  
  145  8:37  Roach x2  
  145  8:39  Zergling x6, Roach  
  151  8:42  Roach  
  151  8:43  Zergling x2  
  151  8:45  Roach x2  
  151  8:47  Roach  
  159  8:50  Roach  
  159  8:53  Roach  
  159  8:54  Overlord  
  163  8:59  Roach x3  
  165  9:07  Roach x3  
  165  9:09  Roach  
  160  9:10  Roach  
  147  9:17  Roach x2  
  147  9:20  Roach x2  
  136  9:27  Roach x3  
  136  9:28  Zergling x10  
  136  9:29  Zergling x6  
  149  9:34  Roach x3  
  149  9:35  Zergling x2  
  149  9:37  Roach  
  160  9:38  Roach  
  160  9:40  Roach  
  160  9:42  Zergling x4  
  164  9:52  Zergling x10  
  158  10:00  Roach x2  
  158  10:04  Roach  
  157  10:12  Roach x2  
  157  10:13  Zergling x2, Roach x9  
  167  10:17  Zergling x2  
  154  10:21  Roach  
  154  10:22  Roach  
Show
View Real Time Build Order
Export as new Build Order

Gerald Protoss 

Build Orders: 1 Gate Expand, Double Forge, Oracle Opening 

Get SALT Encoding   

  12  0:00  Probe  
  13  0:12  Probe  
  14  0:19  Pylon  
  14  0:24  Probe  
  15  0:37  Probe (Chrono Boost)  
  15  0:40  Gateway  
  16  0:47  Probe (Chrono Boost)  
  16  0:49  Assimilator  
  17  0:52  Probe (Chrono Boost)  
  18  1:04  Probe  
  19  1:16  Probe  
  20  1:26  Nexus  
  20  1:32  Probe  
  21  1:40  Cybernetics Core  
  21  1:46  Probe  
  22  1:50  Assimilator  
  22  1:53  Pylon  
  22  1:58  Probe  
  23  2:11  Probe  
  20  2:15  Adept (Chrono Boost)  
  26  2:23  Probe  
  26  2:27  Stargate  
  27  2:35  Probe  
  27  2:36  Adept (Chrono Boost), Warp Gate  
  28  2:41  Probe  
  31  2:47  Probe  
  32  2:53  Probe  
  33  2:58  Adept  
  33  2:59  Probe  
  37  3:05  Probe  
  37  3:12  Probe  
  42  3:16  Void Ray (Chrono Boost), Pylon  
  42  3:17  Probe  
  43  3:24  Gateway  
  43  3:27  Probe  
  44  3:30  Probe  
  45  3:39  Probe, Pylon  
  46  3:42  Probe  
  46  3:43  Oracle (Chrono Boost)  
  50  3:51  Probe  
  50  3:54  Probe  
  52  4:03  Nexus, Probe  
  52  4:06  Probe  
  54  4:15  Probe, Assimilator  
  55  4:18  Probe  
  55  4:20  Assimilator  
  55  4:22  Oracle  
  59  4:25  Adept  
  59  4:27  Probe, Pylon  
  62  4:33  Forge  
  64  4:45  Probe x2  
  64  4:47  Adept, Forge  
  64  4:48  Twilight Council  
  64  4:53  Shield Battery  
  64  4:57  Pylon  
  64  4:59  Adept, Probe (Chrono Boost)  
  63  5:00  Probe (Chrono Boost)  
  64  5:09  Probe (Chrono Boost)  
  64  5:10  Phoenix, Probe (Chrono Boost)  
  64  5:13  Protoss Ground Weapons Level 1 (Chrono Boost)  
  68  5:14  Probe (Chrono Boost)  
  68  5:15  Adept  
  68  5:16  Probe  
  68  5:19  Probe, Protoss Ground Armor Level 1 (Chrono Boost)  
  73  5:25  Probe, Blink  
  74  5:30  Adept  
  68  5:42  Gateway  
  69  5:43  Gateway  
  69  5:48  Oracle (Chrono Boost)  
  71  5:50  Adept  
  71  5:55  Adept  
  71  6:00  Probe  
  65  6:10  Stalker  
  58  6:16  Adept  
  58  6:18  Probe  
  54  6:20  Probe x2  
  54  6:23  Oracle (Chrono Boost)  
  58  6:30  Probe  
  58  6:32  Probe  
  60  6:35  Adept  
  59  6:45  Zealot x2  
  63  6:50  Probe x2  
  63  6:52  Oracle  
  68  6:57  Pylon  
  68  7:15  Probe x2, Pylon  
  70  7:22  Nexus  
  70  7:23  Pylon  
  70  7:33  Templar Archives, Probe x2  
  72  7:37  Gateway  
  72  7:38  Gateway  
  72  7:44  Stalker  
  72  7:45  Shield Battery, Probe x2, Stalker  
  72  7:49  Pylon  
  78  7:57  Probe x2  
  80  8:09  Probe  
  80  8:10  Stalker x2  
  81  8:13  Protoss Ground Armor Level 2 (Chrono Boost)  
  81  8:14  Probe  
  82  8:21  Probe  
  82  8:26  Probe  
  84  8:32  Stalker x2  
  84  8:33  Probe  
  89  8:39  Probe  
  90  8:43  Probe, Stalker x2  
  90  8:45  Probe  
  90  8:46  Shield Battery  
  96  8:48  Robotics Facility  
  96  8:49  Photon Cannon  
  96  8:51  Probe  
  97  8:56  Probe  
  102  9:03  Void Ray (Chrono Boost)  
  102  9:04  Stalker x2  
  102  9:07  Zealot  
  102  9:08  Zealot  
  100  9:17  Probe  
  94  9:27  Stalker x3  
  94  9:28  Probe, Stalker  
  89  9:36  Robotics Facility  
  85  9:43  Void Ray (Chrono Boost)  
  85  9:45  Pylon  
  88  9:57  Pylon x2  
  85  10:03  Zealot  
  69  10:07  Zealot  
  69  10:09  Probe  
  59  10:29  Zealot x2  
Tags
 
Add a new tag
Caveats
  • Supply blocks, unpowered buildings, or Contaminate may cause inaccurate times.
  • Supply counts are checked every 10 seconds.